 Dungeon Crawl Stone Soup version 0.25.0-9-g26727b657a (webtiles) character file.

Game seed: 14993731969780563763

49 Esekla the Ducker (level 3, -10/20 HPs)
             Began as a Deep Elf Warper on June 20, 2020.
             Was a Follower of Fedhas.
             Killed by divine providence
             ... invoked by an orc priest
              (16 damage)
             ... on level 3 of the Dungeon.
             The game lasted 00:08:44 (1564 turns).

Esekla the Ducker (Deep Elf Warper)                 Turns: 1564, Time: 00:08:45

Health: -10/20     AC:  1    Str:  8    XL:     3   Next: 53%
Magic:  8/9        EV: 14    Int: 17    God:    Fedhas [*.....]
Gold:   52         SH:  0    Dex: 15    Spells: 4/8 levels left

rFire    . . .     SeeInvis +   a - +0 falchion
rCold    . . .     Gourm    .   (no shield)
rNeg     . . .     Faith    .   (no armour)
rPois    .         Spirit   .   c - +0 helmet
rElec    .         Reflect  .   (no cloak)
rCorr    .         Harm     .   (no gloves)
MR       .....                  (no boots)
Stlth    +.........             (no amulet)
HPRegen  0.06/turn              j - ring of see invisible
MPRegen  0.11/turn              (no ring)

@: no status effects
A: no striking features
a: Renounce Religion


You were on level 3 of the Dungeon.
You worshipped Fedhas.
Fedhas was aware of your devotion.
You were not hungry.

You visited 1 branch of the dungeon, and saw 3 of its levels.

You collected 52 gold pieces.

Inventory:

Hand Weapons
 a - a +0 falchion (weapon)
Missiles
 e - 3 boomerangs of dispersal (quivered)
Armour
 c - a +0 helmet (worn)
Jewellery
 j - a ring of see invisible (left hand)
Scrolls
 b - 2 scrolls of magic mapping {unknown}
 d - a scroll of blinking
 g - a scroll of amnesia {unknown}
 k - a scroll of noise {unknown}
Potions
 h - 2 potions of ambrosia {unknown}
 i - a potion of brilliance {unknown}
Comestibles
 f - 4 rations


   Skills:
 - Level 1.5 Fighting
 * Level 2.7 Long Blades
 + Level 1.1 Throwing
 - Level 0.7 Armour
 * Level 3.4 Dodging
 + Level 3.1 Spellcasting
 + Level 1.0 Charms
 + Level 3.3 Translocations


You had 4 spell levels left.
You knew the following spells:

 Your Spells              Type           Power        Failure   Level  Hunger
a - Shroud of Golubria    Chrm/Tloc      ##....       11%         2    ##.....
b - Blink                 Tloc           N/A          7%          2    ##.....

Your spell library contained the following spells:

 Spells                   Type           Power        Failure   Level  Hunger
 Gell's Gravitas          Tloc           ##........   13%         3    ###....
 Lesser Beckoning         Tloc           ##........   13%         3    ###....
 Teleport Other           Tloc           ##......     13%         3    ###....
 Passage of Golubria      Tloc           N/A          41%         4    ####...


Dungeon Overview and Level Annotations

Branches:
Dungeon (3/15)

Altars:
Elyvilon
Fedhas
Makhleb


Message History

Your shroud falls apart!
The orc priest mumbles some strange prayers to Beogh against you.
Beogh smites you!
Ouch! That really hurt!
* * * LOW HITPOINT WARNING * * *
You closely miss the orc.
The orc is heavily wounded.
The orc completely misses you. The goblin barely misses you.
You riposte.
You barely miss the goblin.
The goblin is moderately wounded.
The orc priest calls upon Beogh to heal the orc.
The orc's wounds heal themselves!
The orc hits you but does no damage.
You hit the orc but do no damage. The goblin barely misses you.
The orc barely misses you.
You hit the orc but do no damage. The goblin barely misses you.
The orc priest calls down the wrath of Beogh upon you.
Beogh smites you!
Ouch! That really hurt!
You die...
Fedhas appreciates your contribution to the ecosystem.

⌠..........).####..#...#
.............####..###.#
.............+.........#
.............###########
......###o#### .wo...
#....# .o... #.##.#
..... ######.# ...>


+.g@ooo# .... ######## You could see an orc priest, 2 orcs and a goblin.

Vanquished Creatures
  2 adders (D:2)
  A leopard gecko (D:1)
  An orc (D:3)
  A giant cockroach (D:3)
  4 goblins
  4 hobgoblins
  A kobold (D:3)
  5 quokkas (D:2)
  A ball python (D:3)
  4 bats
  3 frilled lizards
  2 rats (D:2)
29 creatures vanquished.

Notes
Turn   | Place    | Note
-------+----------+-------------------------------------------
     0 | D:1      | Esekla the Deep Elf Warper began the quest for the Orb.
     0 | D:1      | Reached XP level 1. HP: 12/12 MP: 6/6
    10 | D:1      | You fall into a shaft and drop 1 floor!
   352 | D:2      | Reached XP level 2. HP: 12/16 MP: 8/8
   362 | D:2      | Learned a level 2 spell: Shroud of Golubria
   365 | D:2      | Learned a level 2 spell: Blink
   997 | D:2      | Reached XP level 3. HP: 20/20 MP: 6/9
  1091 | D:2      | Found a faded altar of an unknown god.
  1213 | D:2      | Found a burning altar of Makhleb.
  1238 | D:2      | Found a white marble altar of Elyvilon.
  1348 | D:2      | Became a worshipper of Fedhas Madash
  1348 | D:2      | Reached * piety under Fedhas
  1539 | D:3      | Reached skill level 1 in Charms
  1564 | D:3      | Killed from afar by an orc priest

Illustrated notes

Levels and vault maps discovered:
D:1:      minmay_arrival_open_corners, layout_rooms,
          hangedman_abyss_or_decor_lesser_grid
D:2:      layout_rooms, lightli_temple_of_fire, nicolae_overflow_hidden_temple,
          chequers_ecumenical_altar_simple
D:3:      layout_basic, zin_scriptorium, lemuel_crystal_altar, first_ration,
          grunt_ministairs_2

Skill      XL: |  1  2  3 |
---------------+----------+-----
Dodging        | 3 |  3.4
Long Blades    | 2 |  2.7
Charms         | 1 |  1.0
Fighting       | |  1.5
Throwing       | |  1.1
Armour         | |  0.7
Spellcasting   | |  3.1
Translocations | |  3.3

Action                   || total
-------------------------++-------
Melee: Falchion          ||   121
Throw: Boomerang         ||     2
 Cast: Shroud of Golubri ||    17
  Eat: Chunk             ||     3
Armor: Skin              ||    11
Dodge: Dodged            ||   100
       Rpst.: Falchion   ||    31
